[Event "Titled Tuesday Blitz May 17 Late 2022"]
[White "Hansen, Eric"]
[Black "Ostrovskiy, Aleksandr"]
[WhiteFideId "2606771"]
[BlackFideId "2034239"]
[WhiteElo "2568"]
[BlackElo "2340"]
[Result "1-0"]
[Round "11"]
[TimeControl "180+1"]
[Date "2022.05.17"]
[WhiteClock "0:00:11"]
[BlackClock "0:00:04"]

1. e4 d5 2. exd5 Nf6 3. Bb5+ Nbd7 4. d4 a6 5. Be2 Nxd5 6. c4 N5f6 7. Nc3 e6 8. Nf3 b6 9. O-O Bb7 10. Re1 Be7 11. Bf4 O-O 12. Qd2 Re8 13. Rad1 Nf8 14. h3 Ng6 15. Bh2 Ne4 16. Qe3 Nxc3 17. bxc3 Bd6 18. Ne5 Bxe5 19. dxe5 Qe7 20. c5 bxc5 21. Rb1 Rab8 22. Bg3 Red8 23. Rb3 Bd5 24. c4 Bc6 25. Reb1 Rb4 26. Rc1 h6 27. Qc3 Nh4 28. Bf1 Nf5 29. Bf4 Nd4 30. Ra3 Qh4 31. Qg3 Qxg3 32. Bxg3 Rb6 33. Bh2 Rdb8 34. Bf4 Rb1 35. Bd3 R1b6 36. Ra5 Bb7 37. Rxc5 Rc6 38. Ra5 Rd8 39. Bf1 Rb6 40. Ra3 Rb2 41. Re1 c5 42. Ra5 Rc8 43. Be3 Nc2 44. Re2 Rd8 45. Bc1 Rb1 46. Rxc2 Rd1 47. Rxc5 Rbxc1 48. Rxc1 Rxc1 49. f3 g5 50. Rc7 Bd5 51. Kf2 Rc2+ 52. Ke3 Kg7 53. Bd3 Rc1 54. Kd2 Rg1 55. cxd5 Rxg2+ 56. Ke3 exd5 57. e6 Kf6 58. e7 Rg1 59. e8=Q d4+ 60. Kd2 1-0


[Site "https://www.chess.com"]

[Event "Titled Tuesday Blitz May 17 Late 2022"]
[White "Indjic, Aleksandar"]
[Black "Sadhwani, Raunak"]
[WhiteFideId "911925"]
[BlackFideId "35093487"]
[WhiteElo "2616"]
[BlackElo "2616"]
[Result "1-0"]
[Round "11"]
[TimeControl "180+1"]
[Date "2022.05.17"]
[WhiteClock "0:00:31"]
[BlackClock "0:00:06"]

1. d4 Nf6 2. c4 g6 3. g3 Bg7 4. Bg2 O-O 5. Nc3 d6 6. Nf3 Nbd7 7. O-O e5 8. e4 Re8 9. h3 exd4 10. Nxd4 Nc5 11. Re1 a5 12. Qc2 Bd7 13. Be3 Qc8 14. Kh2 Re5 15. f3 Rh5 16. h4 h6 17. Kg1 Re5 18. Rad1 Re8 19. Ndb5 Kh7 20. b3 Bc6 21. Kh2 Ne6 22. Qd2 Nd7 23. Nd5 Ne5 24. Qe2 a4 25. f4 Nd7 26. f5 Bxd5 27. exd5 Nef8 28. Bh3 axb3 29. axb3 Qb8 30. Qf2 Nf6 31. fxg6+ fxg6 32. Bd4 Rxe1 33. Rxe1 Qd8 34. Rf1 N8d7 35. Bxd7 Qxd7 36. Bxf6 Rf8 37. Qd4 Qe8 38. Nc3 Kg8 39. Ne4 1-0


[Site "https://www.chess.com"]

[Event "Titled Tuesday Blitz May 17 Late 2022"]
[White "Ivanisevic, Ivan"]
[Black "Chigaev, Maksim"]
[WhiteFideId "912417"]
[BlackFideId "4108116"]
[WhiteElo "2495"]
[BlackElo "2457"]
[Result "0-1"]
[Round "11"]
[TimeControl "180+1"]
[Date "2022.05.17"]
[WhiteClock "0:00:15"]
[BlackClock "0:00:30"]

1. d4 d5 2. c4 c6 3. Nf3 Nf6 4. Nc3 dxc4 5. a4 Bf5 6. Ne5 e6 7. f3 Bb4 8. Nxc4 O-O 9. Kf2 c5 10. e4 Bxc3 11. bxc3 Bxe4 12. fxe4 Nxe4+ 13. Kg1 Nxc3 14. Qd2 Qxd4+ 15. Qxd4 cxd4 16. Bb2 Nc6 17. h4 Rfd8 18. Rh3 Nd5 19. Rd1 e5 20. Rb3 b6 21. Bd3 g6 22. g4 Rac8 23. Be4 f6 24. Rb5 Ncb4 25. Bxd5+ Nxd5 26. Rc1 Nf4 27. Kf1 Nd3 28. Rd1 Rxc4 29. Rxd3 Rxa4 30. g5 e4 31. Rd1 f5 32. Re5 Rc4 33. Rd2 a5 34. Ke2 a4 35. Re7 b5 36. Rb7 f4 37. Rxb5 f3+ 38. Kd1 e3 39. Rd3 f2 40. Ke2 Rc2+ 41. Kf1 Rf8 0-1


[Site "https://www.chess.com"]

[Event "Titled Tuesday Blitz May 17 Late 2022"]
[White "Jobava, Baadur"]
[Black "Grischuk, Alexander"]
[WhiteFideId "13601520"]
[BlackFideId "4126025"]
[WhiteElo "2617"]
[BlackElo "2762"]
[Result "1/2-1/2"]
[Round "11"]
[TimeControl "180+1"]
[Date "2022.05.17"]
[WhiteClock "0:02:44"]
[BlackClock "0:02:31"]

1. b3 Nf6 2. Bb2 d5 3. c4 d4 4. Nf3 c5 5. e3 Nc6 6. exd4 cxd4 7. b4 Nxb4 8. Qa4+ Nc6 9. Nxd4 Bd7 10. Nxc6 Bxc6 11. Qb3 e5 12. Nc3 Bc5 1/2-1/2


[Site "https://www.chess.com"]

[Event "Titled Tuesday Blitz May 17 Late 2022"]
[White "Kamsky, Gata"]
[Black "Mikhailov, Viacheslav"]
[WhiteFideId "2000024"]
[BlackFideId "4187369"]
[WhiteElo "2645"]
[BlackElo "2381"]
[Result "1-0"]
[Round "11"]
[TimeControl "180+1"]
[Date "2022.05.17"]
[WhiteClock "0:00:33"]
[BlackClock "0:00:01"]

1. d4 Nf6 2. Nf3 g6 3. c4 Bg7 4. Nc3 O-O 5. h4 d5 6. cxd5 Nxd5 7. h5 c5 8. hxg6 hxg6 9. Bh6 Nxc3 10. bxc3 Bxh6 11. Rxh6 Kg7 12. Rh4 Rh8 13. Rxh8 Qxh8 14. e3 Nc6 15. d5 Na5 16. Qa4 b6 17. Qf4 Kg8 18. Ne5 Qg7 19. Rc1 Bb7 20. c4 Rd8 21. Be2 Rd6 22. e4 Rf6 23. Qg5 Qh8 24. Ng4 Bc8 25. Nxf6+ exf6 26. Qf4 f5 27. Qb8 Kh7 28. e5 f4 29. Kd2 Kg7 30. Bf3 1-0


[Site "https://www.chess.com"]

[Event "Titled Tuesday Blitz May 17 Late 2022"]
[White "Lamaze, Simon"]
[Black "Vasquez Schroeder, Rodrigo"]
[WhiteFideId "36069264"]
[BlackFideId "3400042"]
[WhiteElo "1999"]
[BlackElo "2567"]
[Result "1/2-1/2"]
[Round "11"]
[TimeControl "180+1"]
[Date "2022.05.17"]
[WhiteClock "0:00:07"]
[BlackClock "0:00:16"]

1. d4 Nf6 2. c4 e6 3. g3 c5 4. d5 d6 5. Nc3 exd5 6. cxd5 g6 7. Bg2 Bg7 8. Nf3 O-O 9. O-O Re8 10. Re1 a6 11. a4 Nbd7 12. e4 Ng4 13. Nd2 Nde5 14. Qe2 c4 15. Nxc4 Nxc4 16. Qxc4 Qb6 17. Qe2 Bd4 18. Nd1 f5 19. h3 Nf6 20. a5 Qb4 21. Bd2 Qb3 22. Ra3 Qc2 23. Ne3 Qxb2 24. Nc4 Qb5 25. Nxd6 Qxe2 26. Rxe2 Re7 27. Bg5 h6 28. Bxf6 Bxf6 29. f4 fxe4 30. Nxe4 Bd4+ 31. Kh2 Bf5 32. Rd3 Bg7 33. d6 Rf7 34. g4 Bxe4 35. Rxe4 Rd8 36. Re6 Rxf4 37. Rxg6 Kf7 38. Rxg7+ Kxg7 39. Bxb7 Ra4 40. Rd5 Kf6 41. Bxa6 Ke6 42. Rh5 Kxd6 43. Rxh6+ Ke5 44. Kg3 Ra3+ 45. Kh4 Ra8 46. Kg5 Rxa5 47. Bd3 Kd4+ 48. Bf5 Rg8+ 49. Kh5 Ke3 50. h4 Kf4 51. Rg6 Rh8+ 52. Rh6 Rg8 53. Rg6 Rf8 54. Kh6 Ra7 55. Rg7 Rh8+ 56. Kg6 Ra6+ 57. Kf7 Rxh4 58. Rg8 Rhh6 59. Rc8 Rhb6 60. Rc4+ Kg5 61. Rc7 Rh6 62. Kg7 Raf6 63. Rd7 Rb6 64. Rc7 Rhd6 65. Re7 Rb5 66. Kh7 Rb8 67. Rg7+ Kf4 68. Re7 Rdd8 69. Kg7 Kg5 70. Kf7 Rf8+ 71. Ke6 Rf6+ 72. Ke5 Rb5+ 73. Ke4 Ra6 74. Rg7+ Kh4 75. Rd7 Raa5 76. Rd4 Kg5 77. Rc4 Re5+ 78. Kd4 Rad5+ 79. Kc3 Kf6 80. Kb4 Rb5+ 81. Kc3 Re3+ 82. Kd4 Rbe5 83. Rc6+ Kg5 84. Kc4 Re1 85. Rg6+ Kf4 86. Rd6 Rc1+ 87. Kb4 Re2 88. Rd3 Ke5 89. Rd8 Rb2+ 90. Ka3 Rb7 91. Ka2 Rc5 92. Ra8 Rcb5 93. Ka1 Kd4 94. Ra3 Re5 95. Ra4+ Kc3 96. Ra3+ Kb4 97. Rf3 Re2 98. Kb1 Rc7 99. Rf4+ Kb3 100. Rf3+ Rc3 101. Rxc3+ Kxc3 102. Ka1 Re1+ 103. Bb1 Rg1 104. g5 Rxg5 105. Bh7 Ra5+ 106. Kb1 Ra7 107. Bg6 Rg7 108. Bf5 Rg1+ 109. Ka2 Rg5 110. Be4 Re5 111. Bh7 Re7 112. Bg6 Rb7 113. Ka1 Kd2 114. Bf5 Kc1 115. Be6 Rb1+ 116. Ka2 Rb6 117. Bd5 Kc2 118. Ka1 Kc3 119. Bg8 Rd6 120. Bf7 Rf6 121. Bd5 Rf1+ 122. Ka2 Rf5 123. Be6 Ra5+ 124. Kb1 Ra6 125. Bf7 Rf6 126. Bd5 Kd4 127. Bg8 Rg6 128. Bf7 Rg2 129. Ka1 Kc3 130. Bd5 Re2 131. Bf7 Re7 132. Bg6 Ra7+ 133. Kb1 Ra6 134. Bh7 Rb6+ 135. Ka1 Rh6 136. Bg8 Rh1+ 137. Ka2 Rh8 138. Bf7 Ra8+ 139. Kb1 Ra7 140. Bg6 1/2-1/2


[Site "https://www.chess.com"]

[Event "Titled Tuesday Blitz May 17 Late 2022"]
[White "Leitao, Rafael"]
[Black "Gurevich, Dmitry"]
[WhiteFideId "2101246"]
[BlackFideId "2000407"]
[WhiteElo "2609"]
[BlackElo "2506"]
[Result "0-1"]
[Round "11"]
[TimeControl "180+1"]
[Date "2022.05.17"]
[WhiteClock "0:00:19"]
[BlackClock "0:00:38"]

1. e4 c5 2. Nf3 d6 3. d4 cxd4 4. Nxd4 Nf6 5. Nc3 Nc6 6. Bg5 e6 7. Qd2 Be7 8. O-O-O O-O 9. h4 a6 10. Kb1 Nxd4 11. Qxd4 b5 12. f3 Bb7 13. Qd2 Rc8 14. Bd3 b4 15. Ne2 a5 16. g4 Qb6 17. Be3 Qc7 18. h5 Nd7 19. g5 Ne5 20. Nd4 d5 21. exd5 Nxd3 22. Qxd3 Bxd5 23. g6 f5 24. h6 hxg6 25. hxg7 Kxg7 26. Bh6+ Kf7 27. Bxf8 Bxf8 28. Rh7+ Bg7 29. Qe3 Kg8 30. Rdh1 Qe5 31. Qxe5 Bxe5 32. Nxe6 Bxe6 33. Re7 Rc6 34. Rd1 Kf8 35. Ra7 Bf6 36. Rxa5 g5 37. Rb5 Be7 38. Re1 Kf7 39. b3 Kf6 40. a4 bxa3 41. c4 Bd6 42. Rb7 Be5 43. Rh7 a2+ 0-1


[Site "https://www.chess.com"]

[Event "Titled Tuesday Blitz May 17 Late 2022"]
[White "Lin, Dachey"]
[Black "Risteski, Emil"]
[WhiteFideId "2029650"]
[BlackFideId "15005267"]
[WhiteElo "2313"]
[BlackElo "2070"]
[Result "0-1"]
[Round "11"]
[TimeControl "180+1"]
[Date "2022.05.17"]
[WhiteClock "0:02:34"]
[BlackClock "0:02:26"]

1. g4 d6 2. Bg2 g6 3. h4 h6 4. d4 Bg7 5. h5 g5 6. Nc3 c6 7. e4 Nf6 8. f3 Nfd7 9. Nge2 e5 10. Be3 O-O 11. Ng3 Nb6 12. Qe2 exd4 13. Bd2 dxc3 14. bxc3 d5 15. O-O-O Qe7 16. exd5 Qa3+ 17. Kb1 Na4 0-1


[Site "https://www.chess.com"]

[Event "Titled Tuesday Blitz May 17 Late 2022"]
[White "Martinez Alcantara, Jose Eduardo"]
[Black "Babazada, Khazar"]
[WhiteFideId "3805662"]
[BlackFideId "13413554"]
[WhiteElo "2690"]
[BlackElo "2406"]
[Result "1-0"]
[Round "11"]
[TimeControl "180+1"]
[Date "2022.05.17"]
[WhiteClock "0:01:30"]
[BlackClock "0:00:10"]

1. e4 Nf6 2. e5 Nd5 3. d4 d6 4. Nf3 Nb6 5. a4 a5 6. exd6 cxd6 7. Bb5+ Bd7 8. Nc3 g6 9. O-O Bg7 10. Re1 O-O 11. Bg5 Re8 12. Qe2 Qc8 13. Bxd7 N8xd7 14. Nb5 Qc6 15. b3 e5 16. c4 h6 17. d5 Qc5 18. Be3 Qb4 19. Rab1 f5 20. Nc7 Rac8 21. Nxe8 Rxe8 22. g3 Nc8 23. Bd2 Qb6 24. b4 axb4 25. Bxb4 Qc7 26. Nd4 Nf6 27. Ne6 Qf7 28. Ba3 f4 29. Rb3 g5 30. Reb1 b6 31. a5 bxa5 32. Rb7 Re7 33. Rb8 Qe8 34. Bxd6 Rf7 35. Bxe5 Nd7 36. Rxc8 Qxc8 37. Bxg7 f3 38. Qe4 1-0


[Site "https://www.chess.com"]

[Event "Titled Tuesday Blitz May 17 Late 2022"]
[White "Matinian, Nikita"]
[Black "Martic, Ivan"]
[WhiteFideId "24129100"]
[BlackFideId "929301"]
[WhiteElo "2422"]
[BlackElo "2317"]
[Result "1-0"]
[Round "11"]
[TimeControl "180+1"]
[Date "2022.05.17"]
[WhiteClock "0:02:08"]
[BlackClock "0:01:02"]

1. e4 c5 2. Nf3 e6 3. b3 a6 4. Bb2 Nc6 5. Be2 Nf6 6. e5 Ng4 7. h3 Nh6 8. g4 Be7 9. Nc3 O-O 10. Ne4 b5 11. d3 Qc7 12. Qd2 Bb7 13. Rg1 d5 14. exd6 Bxd6 15. Bxg7 Kxg7 16. Qg5+ Kh8 17. Qf6+ Kg8 18. Qxh6 Be5 19. g5 Kh8 20. Nf6 Bc3+ 21. Kf1 Bxf6 22. gxf6 Rg8 23. Rg7 1-0


[Site "https://www.chess.com"]

[Event "Titled Tuesday Blitz May 17 Late 2022"]
[White "Mekhitarian, Krikor Sevag"]
[Black "Kavyev, Ruslan"]
[WhiteFideId "2107660"]
[BlackFideId "34110981"]
[WhiteElo "2598"]
[BlackElo "2180"]
[Result "1-0"]
[Round "11"]
[TimeControl "180+1"]
[Date "2022.05.17"]
[WhiteClock "0:00:02"]
[BlackClock "0:00:01"]

1. d4 Nf6 2. Nf3 g6 3. Bg5 Bg7 4. Nbd2 O-O 5. c3 d6 6. e4 c5 7. dxc5 dxc5 8. Bc4 Qc7 9. O-O Nh5 10. a4 Nc6 11. Re1 h6 12. Bh4 g5 13. Bg3 Nxg3 14. hxg3 Bg4 15. Nf1 e6 16. Ne3 Bh5 17. Qc2 Bg6 18. Nf1 Rad8 19. Rad1 Kh8 20. N1h2 b6 21. Bb5 Ne5 22. Nxe5 Qxe5 23. Ng4 Qc7 24. Rxd8 Rxd8 25. Ne3 Qb7 26. f3 Qc7 27. Kf2 Be5 28. Nf1 c4 29. Rd1 Qc5+ 30. Ke1 Rxd1+ 31. Qxd1 Qg1 32. Qe2 Bxg3+ 33. Kd1 Bf4 34. Bxc4 Kg7 35. Kc2 h5 36. b4 h4 37. Bd3 Qh1 38. Qf2 h3 39. gxh3 Bh5 40. Be2 Qxh3 41. a5 Qh1 42. axb6 axb6 43. Ng3 Bxg3 44. Qxg3 Qh4 45. Qg1 Qf4 46. b5 Kg6 47. Qxb6 Bxf3 48. Bxf3 Qxf3 49. Qc6 Qe2+ 50. Kb3 g4 51. b6 Qd1+ 52. Kc4 g3 53. b7 Qe2+ 54. Kc5 Qb2 55. Qb5 Qxc3+ 56. Kd6 Qd4+ 57. Ke7 g2 58. b8=Q g1=Q 59. Qg8+ Qg7 60. Qxg7+ Kxg7 61. Qe5+ Kg8 62. Qb8+ Kh7 63. Qf4 Kh8 64. Qf6+ Kg8 65. Qxf7+ Kh8 66. Qxe6 Qa7+ 67. Kf6 Qg7+ 68. Kf5 Kh7 69. Kf4 1-0


[Site "https://www.chess.com"]

[Event "Titled Tuesday Blitz May 17 Late 2022"]
[White "Mickiewicz, Piotr"]
[Black "Martinez Reyes, Pedro Ramon"]
[WhiteFideId "1114891"]
[BlackFideId "3901807"]
[WhiteElo "2223"]
[BlackElo "2410"]
[Result "1-0"]
[Round "11"]
[TimeControl "180+1"]
[Date "2022.05.17"]
[WhiteClock "0:00:09"]
[BlackClock "0:00:25"]

1. Nf3 c6 2. b3 d5 3. Bb2 Nf6 4. c4 g6 5. g3 Bg7 6. Bg2 O-O 7. O-O a5 8. d3 Na6 9. Nbd2 Nc5 10. a3 dxc4 11. bxc4 Re8 12. Qc2 Bf5 13. Rab1 Nxd3 14. exd3 Bxd3 15. Qb3 Bxf1 16. Bxf1 Bh6 17. Bc3 Ra7 18. Bd4 Ra8 19. Bc3 Ra7 20. a4 Nd7 21. Bd4 c5 22. Be3 Bxe3 23. Qxe3 Qc7 24. Ne4 Raa8 25. Nc3 e6 26. Bg2 Rad8 27. Ng5 b6 28. Nge4 Kg7 29. f4 Nf6 30. Nb5 Qe7 31. Qc3 Rd7 32. Qe5 Red8 33. g4 Rd1+ 34. Rxd1 Rxd1+ 35. Bf1 Qd8 36. Nbd6 Kf8 37. Nxf6 Qxd6 38. Nxh7+ Ke8 39. Nf6+ Ke7 40. Qxd6+ Kxd6 41. g5 Rd4 42. Kg2 Rxf4 43. Be2 Rd4 44. h4 Rxh4 45. Kg3 Rd4 46. Kf3 Rd2 47. Ke3 Ra2 48. Ne4+ Ke5 49. Nc3 Ra3 50. Kd2 Kd4 51. Nb5+ Ke5 52. Nxa3 Kf4 53. Kd3 Kxg5 54. Nb5 Kf4 55. Nd6 e5 56. Nc8 e4+ 57. Kd2 g5 58. Nxb6 g4 59. Nd5+ Ke5 60. Bxg4 f5 61. Bxf5 Kxf5 62. Ke3 Ke5 63. Nc3 Kd6 64. Nxe4+ Kc6 65. Kf4 Kb6 66. Ke5 Kc6 67. Ke6 Kb6 68. Kd5 Ka7 69. Nxc5 1-0


[Site "https://www.chess.com"]

[Event "Titled Tuesday Blitz May 17 Late 2022"]
[White "Moral Garcia, Serafin"]
[Black "Kruckenhauser, Arthur"]
[WhiteFideId "2201925"]
[BlackFideId "1642812"]
[WhiteElo "2228"]
[BlackElo "2243"]
[Result "1/2-1/2"]
[Round "11"]
[TimeControl "180+1"]
[Date "2022.05.17"]
[WhiteClock "0:00:05"]
[BlackClock "0:00:07"]

1. e4 e5 2. Nf3 Nc6 3. Bb5 a6 4. Bxc6 dxc6 5. O-O Bd6 6. d4 exd4 7. Qxd4 f6 8. Be3 Ne7 9. Nbd2 Be6 10. Qc3 Qd7 11. Nc4 Bxc4 12. Qxc4 O-O-O 13. Nd4 Ng6 14. Qe6 Rhe8 15. Qxd7+ Rxd7 16. f3 Bf4 17. Bxf4 Nxf4 18. c3 c5 19. Nb3 b6 20. Rad1 Red8 21. Rxd7 Rxd7 22. g3 Nd3 23. Rb1 a5 24. Kf1 a4 25. Nd2 Nb4 26. Nc4 Nc6 27. Ke2 b5 28. Ne3 Ne5 29. f4 Nf7 30. Kf3 Rd2 31. h4 g6 32. g4 c6 33. g5 fxg5 34. hxg5 Kd7 35. b3 Rxa2 36. bxa4 Rxa4 37. Rh1 b4 38. Rxh7 Ke8 39. cxb4 cxb4 40. Nc4 b3 41. Nd2 b2 42. Rh1 Nd6 43. Ke3 Ra1 44. Rb1 Nc4+ 45. Kd3 Nxd2 46. Rxb2 Nf3 47. Rb8+ Kd7 48. Rg8 Ra3+ 49. Kc4 Ra4+ 50. Kd3 Ne1+ 51. Ke3 Nc2+ 52. Kd3 Ne1+ 53. Ke3 Nc2+ 54. Kd3 Nb4+ 55. Ke3 Ra3+ 56. Kd4 Nc2+ 57. Kc4 Ne3+ 58. Kd4 Ng2 59. Rg7+ Kd8 60. Rxg6 Nxf4 61. Rxc6 Rg3 62. g6 Nxg6 63. Ra6 Rg5 64. Rb6 Kd7 65. Ra6 Ne7 66. Ra7+ Kd6 67. Ra6+ Nc6+ 68. Kc4 Rc5+ 69. Kd3 Ke5 70. Ra8 Nb4+ 71. Ke3 Rc3+ 72. Kd2 Rd3+ 73. Ke2 Rb3 74. Re8+ Kd4 75. Rd8+ Kxe4 76. Re8+ Kd4 77. Rd8+ Nd5 78. Re8 Rh3 79. Rd8 Re3+ 80. Kf2 Re5 81. Kf3 Rf5+ 82. Ke2 Rf4 83. Rd7 Ke4 84. Kd2 Rf2+ 85. Kc1 Rh2 86. Rd8 Kd4 87. Kd1 Kc4 88. Rc8+ Kd3 89. Ke1 Nf4 90. Kf1 Ke3 91. Rc3+ Nd3 92. Rc8 Kf3 93. Rf8+ Nf4 94. Ke1 Ke3 95. Re8+ Kd4 96. Rd8+ Nd5 97. Kf1 Ke4 98. Re8+ Kf3 99. Ke1 Ne3 100. Rf8+ Ke4 101. Rf4+ Ke5 102. Re4+ Kxe4 1/2-1/2


[Site "https://www.chess.com"]

[Event "Titled Tuesday Blitz May 17 Late 2022"]
[White "Motylev, Alexander"]
[Black "Tristan, Leonardo"]
[WhiteFideId "4121830"]
[BlackFideId "113816"]
[WhiteElo "2470"]
[BlackElo "2404"]
[Result "1-0"]
[Round "11"]
[TimeControl "180+1"]
[Date "2022.05.17"]
[WhiteClock "0:00:08"]
[BlackClock "0:00:03"]

1. d4 d5 2. g3 Nf6 3. Bg2 Bf5 4. c4 e6 5. Nc3 c6 6. Qb3 Qb6 7. c5 Qa6 8. Nf3 b6 9. cxb6 axb6 10. O-O Be7 11. Nh4 Bg4 12. Re1 O-O 13. e4 dxe4 14. Nxe4 Nxe4 15. Rxe4 Be2 16. Nf5 Bf6 17. Nd6 Rd8 18. Rxe6 Ra7 19. Re4 Bd3 20. Re3 Bxd4 21. Rxd3 Rxd6 22. Be3 Rad7 23. Rad1 c5 24. Bf1 Qc8 25. Bf4 Re6 26. Bh3 c4 27. Qc2 Bxf2+ 28. Kxf2 Qc5+ 29. Be3 cxd3 30. Qxc5 bxc5 31. Bxe6 fxe6 32. Bxc5 Rd5 33. b4 Nd7 34. Be3 Ne5 35. a4 Nc4 36. a5 Rf5+ 37. Bf4 g5 38. Rxd3 gxf4 39. Rd4 fxg3+ 40. Kxg3 Ne3 41. a6 Nf1+ 42. Kh3 Rf7 43. b5 e5 44. Rg4+ Kf8 45. b6 Ne3 46. Rg3 Nd5 47. b7 Nf4+ 48. Kg4 h5+ 49. Kh4 1-0


[Site "https://www.chess.com"]

[Event "Titled Tuesday Blitz May 17 Late 2022"]
[White "Nazaretyan, Tigran"]
[Black "Fishbein, Alexander"]
[WhiteFideId "24162345"]
[BlackFideId "2000377"]
[WhiteElo "2225"]
[BlackElo "2442"]
[Result "1-0"]
[Round "11"]
[TimeControl "180+1"]
[Date "2022.05.17"]
[WhiteClock "0:01:20"]
[BlackClock "0:01:32"]

1. d4 Nf6 2. c4 g6 3. Nc3 Bg7 4. e4 d6 5. Nf3 O-O 6. Be2 e5 7. O-O exd4 8. Nxd4 c6 9. Kh1 d5 10. cxd5 cxd5 11. e5 Ne4 12. f4 Nc6 13. Nxe4 dxe4 14. Be3 Ne7 15. Nb5 Nd5 16. Bc5 a6 17. Bxf8 Bxf8 18. Bc4 Be6 19. Bxd5 Bxd5 20. Nc7 Bc6 21. Nxa8 Qxa8 22. Rc1 Qc8 23. Qd4 Qf5 24. Rxc6 bxc6 25. Re1 Qxf4 26. Qxe4 Qf2 27. Qe2 Qc5 28. e6 fxe6 29. Qxe6+ Kg7 30. Qe5+ Qxe5 31. Rxe5 Kf6 32. Ra5 1-0


[Site "https://www.chess.com"]

[Event "Titled Tuesday Blitz May 17 Late 2022"]
[White "Papp, Levente"]
[Black "Rozovsky, Daniel"]
[WhiteFideId "751243"]
[BlackFideId "2020904"]
[WhiteElo "2308"]
[BlackElo "2639"]
[Result "1-0"]
[Round "11"]
[TimeControl "180+1"]
[Date "2022.05.17"]
[WhiteClock "0:00:13"]
[BlackClock "0:00:11"]

1. c4 e5 2. g3 Nc6 3. Bg2 Nf6 4. Nc3 Be7 5. e3 O-O 6. Nge2 b6 7. O-O Bb7 8. d4 exd4 9. exd4 Qc8 10. d5 Nd8 11. Nd4 Bc5 12. Be3 Ne8 13. Nf5 Qb8 14. Bxc5 bxc5 15. Qg4 d6 16. Rfe1 Bc8 17. Rxe8 Bxf5 18. Rxf8+ Kxf8 19. Qxf5 Qxb2 20. Re1 Qxc3 21. Re3 g6 22. Qd7 Qf6 23. Qxc7 a5 24. h4 h5 25. Kh2 a4 26. a3 Qxf2 27. Qxd6+ Kg7 28. Qxc5 Rb8 29. Qd4+ Kh7 30. Qf4 Qc2 31. Qxb8 Qc1 32. Rf3 Qxc4 33. Qxd8 Kg7 34. Qf6+ Kh6 35. Qxf7 Qd4 36. Qf8+ Qg7 37. Qxg7+ Kxg7 38. d6 g5 39. hxg5 h4 40. d7 Kg6 41. d8=Q Kh5 42. g6 Kg4 43. Qxh4# 1-0


[Site "https://www.chess.com"]

[Event "Titled Tuesday Blitz May 17 Late 2022"]
[White "Paravyan, David"]
[Black "Zakhartsov, Vladimir"]
[WhiteFideId "4194985"]
[BlackFideId "4145097"]
[WhiteElo "2569"]
[BlackElo "2428"]
[Result "0-1"]
[Round "11"]
[TimeControl "180+1"]
[Date "2022.05.17"]
[WhiteClock "0:00:03"]
[BlackClock "0:00:23"]

1. e4 c6 2. d4 d5 3. e5 Bf5 4. Nf3 e6 5. Be2 c5 6. Be3 Qb6 7. Nc3 Nc6 8. O-O Qxb2 9. Qe1 c4 10. Rb1 Qa3 11. Nb5 Qa4 12. Nc7+ Kd7 13. Nxa8 Kc8 14. Ng5 Nh6 15. Bh5 g6 16. Bf3 Bxc2 17. Rb2 Kb8 18. Qd2 Bd3 19. Ra1 Ba3 20. Bd1 Qa6 21. Nxe6 fxe6 22. Bxh6 Nxd4 23. Bg4 Rc8 24. Qc3 Bxb2 25. Qxb2 Nf5 26. Bd2 Kxa8 27. Bc3 Qb6 28. Qa3 d4 29. Bb4 c3 30. h3 Be4 31. Re1 Bd5 32. Be2 Qc6 33. Bf1 Nh4 34. Bd6 Bxg2 35. Be2 Bxh3 36. f3 Nxf3+ 37. Kf2 Nxe1 38. Kxe1 c2 39. Qc1 Qe4 40. Kd2 Qe3+ 41. Ke1 Qxc1+ 0-1


[Site "https://www.chess.com"]

[Event "Titled Tuesday Blitz May 17 Late 2022"]
[White "Pichot, Alan"]
[Black "Keymer, Vincent"]
[WhiteFideId "110973"]
[BlackFideId "12940690"]
[WhiteElo "2579"]
[BlackElo "2548"]
[Result "0-1"]
[Round "11"]
[TimeControl "180+1"]
[Date "2022.05.17"]
[WhiteClock "0:00:07"]
[BlackClock "0:00:10"]

1. e4 c6 2. d3 d5 3. Nd2 e5 4. g3 Bd6 5. Bg2 Nf6 6. Ngf3 O-O 7. O-O Re8 8. Re1 Nbd7 9. b3 a5 10. a3 Nf8 11. Bb2 Ng6 12. h3 h6 13. c3 Bd7 14. Qc2 Qc7 15. b4 Be6 16. c4 d4 17. c5 Bf8 18. Nc4 Nd7 19. Reb1 axb4 20. axb4 b6 21. cxb6 Nxb6 22. Na5 Rec8 23. Bc1 c5 24. bxc5 Nd7 25. Nc4 Rxa1 26. Rxa1 Nxc5 27. Nfd2 Nxd3 28. Qxd3 Bxc4 29. Nxc4 Qxc4 30. Qxc4 Rxc4 31. Bd2 Rc2 32. Be1 Rb2 33. Bf1 Bb4 34. Ra8+ Nf8 35. Bxb4 Rxb4 36. Re8 f6 37. Rc8 Kf7 38. Rc7+ Kg6 39. Bc4 h5 40. Bf7+ Kh6 41. Rc8 g6 42. Bd5 Nh7 43. Kf1 h4 44. gxh4 Ra4 45. Rc7 Ra1+ 46. Ke2 Ra3 47. Bg8 Nf8 48. Rf7 Ra8 49. Kf3 Rd8 50. Ke2 Kh5 51. Rxf6 Kxh4 52. Rf3 Kg5 53. Bf7 Rb8 54. Kf1 Rb1+ 55. Kg2 Rb8 56. Kg3 Kh6 57. Kg4 Nh7 58. Bd5 Rb6 59. Rf7 Nf6+ 60. Kf3 Kg5 61. Ba8 Ra6 62. Bb7 Ra3+ 63. Ke2 Nh5 64. Re7 Kf6 65. Re8 Nf4+ 66. Kd2 Rd3+ 67. Kc2 Rxh3 68. Kd2 Rd3+ 69. Ke1 Ra3 70. Bc8 Ra1+ 71. Kd2 Ra2+ 72. Ke1 d3 73. Rd8 Re2+ 74. Kf1 d2 0-1


[Site "https://www.chess.com"]

[Event "Titled Tuesday Blitz May 17 Late 2022"]
[White "Rustemov, Alexander"]
[Black "Pap, Gyula"]
[WhiteFideId "4119002"]
[BlackFideId "725323"]
[WhiteElo "2804"]
[BlackElo "2553"]
[Result "0-1"]
[Round "11"]
[TimeControl "180+1"]
[Date "2022.05.17"]
[WhiteClock "0:00:45"]
[BlackClock "0:00:06"]

1. d4 d5 2. c4 e6 3. Nc3 Nf6 4. cxd5 exd5 5. Bg5 c6 6. e3 Be7 7. Bd3 O-O 8. Qc2 Nbd7 9. Nf3 Re8 10. O-O Nf8 11. h3 Be6 12. Bf4 a5 13. a3 Bd6 14. Bxd6 Qxd6 15. Na4 N6d7 16. Rfc1 h6 17. Rab1 Ra7 18. Nc5 Nxc5 19. Qxc5 Qxc5 20. Rxc5 a4 21. Rbc1 g5 22. Ne5 Nd7 23. Nxd7 Bxd7 24. Re1 Kg7 25. f3 Raa8 26. Kf2 Re7 27. e4 dxe4 28. Rxe4 Kf6 29. g4 Be6 30. Ke3 Bd5 31. Rxe7 Kxe7 32. Be4 Be6 33. f4 f6 34. f5 Bf7 35. d5 Kd6 36. Kd4 Be8 37. dxc6 Bxc6 38. Bxc6 bxc6 39. Rc4 Rb8 40. Rb4 c5+ 0-1


[Site "https://www.chess.com"]

[Event "Titled Tuesday Blitz May 17 Late 2022"]
[White "Rychagov, Andrey"]
[Black "Vovk, Orest"]
[WhiteFideId "4119932"]
[BlackFideId "14113490"]
[WhiteElo "2500"]
[BlackElo "2203"]
[Result "0-1"]
[Round "11"]
[TimeControl "180+1"]
[Date "2022.05.17"]
[WhiteClock "0:00:15"]
[BlackClock "0:00:06"]

1. d4 e5 2. dxe5 Nc6 3. Bf4 Qe7 4. Nf3 Qb4+ 5. Bd2 Qxb2 6. Nc3 Bb4 7. Rb1 Qxc3 8. Rxb4 Qc5 9. Rb3 Nge7 10. e3 Nxe5 11. Rb5 Nxf3+ 12. gxf3 Qc6 13. Bd3 a6 14. Rg5 O-O 15. Rhg1 g6 16. h4 d5 17. h5 Qf6 18. Bb4 c5 19. hxg6 fxg6 20. Bd2 Qxf3 21. Qxf3 Rxf3 22. Re5 Kf7 23. e4 Be6 24. Ke2 Rh3 25. exd5 Nxd5 26. Be4 Nc3+ 27. Bxc3 Rxc3 28. Kd2 Rh3 29. Rxc5 Rd8+ 30. Bd3 Rd7 31. a4 Bf5 32. Rg3 Rxg3 33. fxg3 Bxd3 34. cxd3 Kf6 35. Kc3 h5 36. d4 g5 37. Kc4 Rh7 38. Re5 h4 39. gxh4 gxh4 40. Re2 h3 41. Rh2 Kf5 42. d5 Kg4 43. d6 Kg3 44. Rh1 h2 45. Kd5 Kg2 46. Rxh2+ Kxh2 47. a5 Kg3 48. Ke6 Rh6+ 49. Ke7 Kf4 50. d7 Ke5 51. d8=Q Rh7+ 52. Ke8 Rh8+ 53. Kd7 Rxd8+ 54. Kxd8 Kd6 55. Kc8 Kc6 56. Kb8 b6 0-1


[Site "https://www.chess.com"]

[Event "Titled Tuesday Blitz May 17 Late 2022"]
[White "Salem, A.R. Saleh"]
[Black "Riehle, Marco"]
[WhiteFideId "9301348"]
[BlackFideId "12904392"]
[WhiteElo "2679"]
[BlackElo "2462"]
[Result "1-0"]
[Round "11"]
[TimeControl "180+1"]
[Date "2022.05.17"]
[WhiteClock "0:00:52"]
[BlackClock "0:01:06"]

1. d4 d5 2. c4 e6 3. Nc3 c5 4. cxd5 cxd4 5. Qa4+ Bd7 6. Qxd4 exd5 7. Qxd5 Nf6 8. Qd1 Nc6 9. Nf3 Bc5 10. e3 Qe7 11. Be2 O-O-O 12. O-O g5 13. b4 g4 14. bxc5 gxf3 15. Bxf3 Ne5 16. Be2 Rhg8 17. g3 Bc6 18. Qc2 Kb8 19. e4 Ka8 20. Bf4 Ng6 21. Bd6 Qe6 22. Nb5 Rc8 23. Bc4 Qh3 24. f3 Nh4 25. Nd4 1-0


[Site "https://www.chess.com"]